 Dungeon Crawl Stone Soup version 0.24.0-1-gfbc8707122 (webtiles) character file.

Game seed: 5031829742496946021, levelgen mode: deterministic

8538 Amplified the Magician (level 11, -2/81 HPs)
             Began as a Gnoll Wanderer on Oct 26, 2019.
             Was a Believer of Ashenzari.
             Slain by a black bear (4 damage)
             ... on level 13 of the Dungeon.
             The game lasted 00:21:55 (9165 turns).

Amplified the Magician (Gnoll Wanderer)             Turns: 9165, Time: 00:21:56

Health: -2/81      AC: 19    Str: 15    XL:     11   Next: 32%
Magic:  0/21       EV: 14    Int: 11    God:    Ashenzari [**....]
Gold:   438        SH:  6    Dex: 17    Spells: 20/23 levels left

rFire    . . .     SeeInvis +   z - +3 short sword of Pisya {flame, rPois SInv} (curse)
rCold    + + .     Gourm    .   q - +0 buckler
rNeg     . . .     Faith    .   s - +6 scale mail "Kuchocs" {rPois rC++ Int-4 Stlth+} (curse)
rPois    +         Spirit   +   v - +0 helmet (curse)
rElec    .         Reflect  .   p - scarf {Spirit}
rCorr    .         Harm     .   j - +1 pair of gloves (curse)
MR       .....                  x - +0 pair of boots (curse)
Stlth    +++.......             (no amulet)
HPRegen  0.23/turn              (no ring)
MPRegen  0.17/turn              (no ring)

@: no status effects
A: distributed training, fangs 1, strong nose
a: Curse Item, Scrying, Renounce Religion


You were on level 13 of the Dungeon.
You worshipped Ashenzari.
Ashenzari was pleased with you.
You were very hungry.

You visited 2 branches of the dungeon, and saw 14 of its levels.

You collected 438 gold pieces.

Inventory:

Hand Weapons
 a - a +0 dagger
 d - a +0 mace of holy wrath
 u - a +1 mace of distortion
 z - the cursed +3 short sword of Pisya (weapon) {flame, rPois SInv}
   (You found it on level 6 of the Dungeon)

   It has been specially enchanted to burn those struck by it, causing extra
   injury to most foes and up to half again as much damage against particularly
   susceptible opponents.
   It protects you from poison.
   It lets you see invisible.
   It has a curse placed upon it.
Missiles
 h - 187 stones (quivered)
 m - 61 poisoned darts
 n - 122 arrows
Armour
 g - a +2 ring mail
 j - a cursed +1 pair of gloves (worn)
 p - a scarf of spirit shield (worn)
 q - a +0 buckler (worn)
 s - the cursed +6 scale mail "Kuchocs" (worn) {rPois rC++ Int-4 Stlth+}
   (You found it on level 5 of the Dungeon)

   It affects your intelligence (-4).
   It greatly protects you from cold.
   It protects you from poison.
   It makes you more stealthy.
   It has a curse placed upon it.
 t - the cursed +1 ring mail "Gidgh" {Str+3 Int+4}
   (You found it on level 8 of the Dungeon)

   It affects your strength (+3).
   It affects your intelligence (+4).
   It has a curse placed upon it.
 v - a cursed +0 helmet (worn)
 x - a cursed +0 pair of boots (worn)
 D - a +2 hat
Scrolls
 c - 3 scrolls of immolation
 i - a scroll of fog
 w - 3 scrolls of identify
 A - a scroll of remove curse
Potions
 B - 2 potions of cancellation
Comestibles
 f - 13 rations


   Skills:
 + Level 6.1 Fighting
 + Level 6.1(8.4) Short Blades
 + Level 6.1 Long Blades
 + Level 6.1 Axes
 + Level 6.1 Maces & Flails
 + Level 6.1 Polearms
 + Level 6.1 Staves
 + Level 6.1 Slings
 + Level 6.1 Bows
 + Level 6.1 Crossbows
 + Level 6.6 Throwing
 + Level 6.1(7.5) Armour
 + Level 6.1(7.5) Dodging
 + Level 6.1 Stealth
 + Level 6.1 Shields
 + Level 6.1 Unarmed Combat
 + Level 6.7 Spellcasting
 + Level 5.0 Conjurations
 + Level 5.0 Hexes
 + Level 5.0 Charms
 + Level 5.0 Summonings
 + Level 6.4 Necromancy
 + Level 5.0 Translocations
 + Level 6.4 Transmutations
 + Level 5.0 Fire Magic
 + Level 5.5 Ice Magic
 + Level 5.0 Air Magic
 + Level 6.4 Earth Magic
 + Level 5.0 Poison Magic
 + Level 6.6 Invocations
 + Level 6.6 Evocations


You had 20 spell levels left.
You knew the following spells:

 Your Spells              Type           Power        Failure   Level  Hunger
a - Sandblast             Erth           ###...       4%          1    None
b - Passwall              Tmut/Erth      ###.....     6%          2    ##.....

Your spell library contained the following spells:

 Spells                   Type           Power        Failure   Level  Hunger
 Stone Arrow              Conj/Erth      ###...       17%         3    ###....
 Petrify                  Tmut/Erth      ###.....     38%         4    ####...
 Lee's Rapid Deconstruct  Erth           ###.......   75%         5    ######.


Dungeon Overview and Level Annotations

Branches:
Dungeon (13/15)            Temple (1/1) D:4            Lair (0/6) D:8
    Orc (0/2) D:11
 Vaults: D:13-14

Altars:
Ashenzari
Cheibriados
Dithmenos
Elyvilon
Fedhas
Gozag
Hepliaklqana
Kikubaaqudgha
Makhleb
Nemelex Xobeh
Qazlal
Ru
Sif Muna
Uskayaw
Vehumet
Wu Jian
Xom
Yredelemnul
Zin
The Shining One

Annotations:
D:3 3 runed translucent doors, MovingMist's ghost, amateur GrFi


Innate Abilities, Weirdness & Mutations

Your experience applies equally to all skills.
You have very sharp teeth.
Your uncanny sense of smell can sniff out nearby items.


Message History

The arrow freezes you.
* * * LOW HITPOINT WARNING * * *
The centaur wields a +0 shortbow.
The centaur shoots an arrow.
You block the arrow.
Unknown command.
Okay, then.
Okay, then.
Evoke which item? (* to show all) (? for menu, Esc to quit)
You don't have any such object.
Evoke which item? (* to show all) (? for menu, Esc to quit)
Okay, then.
Evoke which item? (* to show all) (? for menu, Esc to quit)
Aiming: Polymorph
Press: ? - help, Shift-Dir - straight line, f - crocodile
Aim: a crocodile (chance to defeat MR: 66%)
The crocodile evaporates and reforms as a black bear!
The now-empty wand crumbles to dust.
The centaur unwields a +0 shortbow.
The centaur hits you but does no damage.
The black bear bites you.
You die...

* #.......# *
* #.......# ,
+ #..cc... *
, * ,
∆#.c.... , *
..c.. ,* *
.c. , #c# *
#@# #h# * ,,,
#l# * < *
#### #O# +
.....##.## ,
*
#l....######*
,
####.........
** ,
#.#######. R
, #.# ** ,.


You could see a centaur warrior, a two-headed ogre, a basilisk, a black bear and
5 centaurs.

Vanquished Creatures
  Erolcha (D:9)
  Josephine (D:10)
  An unseen horror (D:11)
  A manticore (D:11)
  Psyche (D:11)
  A komodo dragon (D:11)
  A troll (D:12)
  A queen bee (D:8)
  A hippogriff (D:10)
  Grum (D:9)
  A basilisk (D:11)
  Menkaure (D:7)
  A soldier ant (D:10)
  2 water moccasins
  A hell hound (D:10)
  An orc warrior (D:10)
  2 black bears (D:9)
  An ice beast (D:5)
  4 ogres
  2 sky beasts
  4 necrophages (D:9)
  2 wolves (D:9)
  4 centaurs
  A crocodile (D:9)
  2 big kobolds
  A bullfrog (D:9)
  A wyvern zombie (D:9)
  A scorpion (D:8)
  26 killer bees
  5 wights (D:9)
  4 howler monkeys
  3 crimson imps
  A quasit (D:10)
  A bullfrog zombie (D:5)
  5 jellies
  2 orc priests (D:10)
  A bullfrog skeleton (D:7)
  2 iguanas (D:8)
  Natasha (thrice) (D:4)
  2 orc wizards
  10 worker ants
  A hound zombie (D:9)
  4 mummies (D:9)
  A howler monkey zombie (D:9)
  2 worker ant zombies
  13 adders
  2 howler monkey skeletons
  An adder skeleton (D:10)
  An adder zombie (D:9)
  6 worms
  A dart slug (D:3)
  3 leopard geckos
  18 orcs
  7 bats
  6 giant cockroaches
  10 goblins
  5 hobgoblins
  14 jackals
  16 kobolds
  A quokka (D:3)
  6 frilled lizards
  A jackal zombie (D:5)
  A quokka skeleton (D:5)
  6 rats
233 creatures vanquished.

Vanquished Creatures (others)
  An ugly thing (D:13)
  A centaur skeleton (D:13)
  A yak (D:13)
  An ogre (D:13)
  A centaur (D:13)
  A hound (D:12)
  2 jellies (D:13)
  A bullfrog skeleton (D:13)
  A worker ant (D:13)
  A shadow imp (D:13)
11 creatures vanquished.

Grand Total: 244 creatures vanquished

Notes
Turn   | Place    | Note
-------+----------+-------------------------------------------
     0 | D:1      | Amplified the Gnoll Wanderer began the quest for the Orb.
     0 | D:1      | Amplified set off with the following items: a +0 dagger, a
                  | scroll of teleportation, a +0 robe, a ration; and the
                  | following spell memorised: Sandblast; and the following
                  | spells available to memorise: Passwall, Stone Arrow,
                  | Petrify, Lee's Rapid Deconstruction
     0 | D:1      | Reached XP level 1. HP: 13/13 MP: 4/4
   253 | D:1      | Reached XP level 2. HP: 19/19 MP: 5/5
  1015 | D:2      | Reached XP level 3. HP: 25/25 MP: 7/7
  1070 | D:2      | Found a sparkling altar of Nemelex Xobeh.
  1484 | D:2      | Reached skill level 1 in Invocations
  1761 | D:2      | Reached skill level 1 in Fighting
  1761 | D:2      | Reached skill level 1 in Short Blades
  1761 | D:2      | Reached skill level 1 in Long Blades
  1761 | D:2      | Reached skill level 1 in Axes
  1761 | D:2      | Reached skill level 1 in Maces & Flails
  1761 | D:2      | Reached skill level 1 in Polearms
  1761 | D:2      | Reached skill level 1 in Staves
  1761 | D:2      | Reached skill level 1 in Slings
  1761 | D:2      | Reached skill level 1 in Bows
  1761 | D:2      | Reached skill level 1 in Crossbows
  1761 | D:2      | Reached skill level 1 in Armour
  1761 | D:2      | Reached skill level 1 in Dodging
  1761 | D:2      | Reached skill level 1 in Stealth
  1761 | D:2      | Reached skill level 1 in Shields
  1761 | D:2      | Reached skill level 1 in Unarmed Combat
  1775 | D:2      | Reached XP level 4. HP: 30/32 MP: 8/8
  2335 | D:3      | Reached skill level 1 in Conjurations
  2335 | D:3      | Reached skill level 1 in Hexes
  2335 | D:3      | Reached skill level 1 in Charms
  2335 | D:3      | Reached skill level 1 in Summonings
  2335 | D:3      | Reached skill level 1 in Translocations
  2335 | D:3      | Reached skill level 1 in Fire Magic
  2335 | D:3      | Reached skill level 1 in Air Magic
  2335 | D:3      | Reached skill level 1 in Poison Magic
  2541 | D:3      | Found a runed translucent gate.
  2543 | D:3      | Found a runed translucent gate.
  2544 | D:3      | Found a runed translucent gate.
  2544 | D:3      | Noticed MovingMist's ghost (amateur GrFi)
  2545 | D:3      | Identified the +5 dagger of Summertime {chaos, Str+4}
  2545 | D:3      | Noticed a big kobold
  2690 | D:3      | Reached XP level 5. HP: 18/37 MP: 6/9
  3228 | D:4      | Noticed an ogre
  3230 | D:4      | Killed an ogre
  3230 | D:4      | Reached XP level 6. HP: 44/44 MP: 10/10
  3241 | D:4      | Found a staircase to the Ecumenical Temple.
  3250 | Temple   | Entered the Ecumenical Temple
  3407 | Temple   | Became a worshipper of Ashenzari the Shackled
  3682 | D:4      | Learned a level 2 spell: Passwall
  3727 | D:4      | Noticed Natasha
  3733 | D:4      | Killed Natasha
  3831 | D:4      | Noticed Natasha
  3843 | D:4      | Killed Natasha
  4136 | D:4      | Noticed Natasha
  4148 | D:4      | Killed Natasha
  4148 | D:4      | Reached XP level 7. HP: 40/50 MP: 9/12
  4206 | D:5      | Entered Level 5 of the Dungeon
  4466 | D:5      | Got the uncursed scale mail "Kuchocs" {rPois rC++ Int-4
                  | Stlth+}
  4481 | D:5      | Identified the +6 scale mail "Kuchocs" {rPois rC++ Int-4
                  | Stlth+} (You found it on level 5 of the Dungeon)
  5155 | D:6      | Got the cursed short sword of Pisya {flame, rPois SInv}
  5828 | D:6      | Identified the cursed +3 short sword of Pisya {flame, rPois
                  | SInv} (You found it on level 6 of the Dungeon)
  5868 | D:7      | Noticed Menkaure
  5881 | D:7      | Killed Menkaure
  5881 | D:7      | Reached XP level 8. HP: 46/57 MP: 7/14
  5999 | D:7      | Found an opulent altar of Gozag.
  6035 | D:7      | Reached * piety under Ashenzari
  6057 | D:8      | Found a burning altar of Makhleb.
  6165 | D:8      | Found a staircase to the Lair.
  6198 | D:8      | Identified the cursed +1 ring mail "Gidgh" {Str+3 Int+4}
  6378 | D:8      | Noticed a queen bee
  6381 | D:8      | Killed a queen bee
  6381 | D:8      | Reached skill level 5 in Necromancy
  6381 | D:8      | Reached skill level 5 in Transmutations
  6381 | D:8      | Reached skill level 5 in Earth Magic
  6381 | D:8      | Reached XP level 9. HP: 45/65 MP: 16/16
  6440 | D:8      | Reached skill level 5 in Spellcasting
  6807 | D:8      | Reached skill level 5 in Throwing
  6807 | D:8      | Reached skill level 5 in Evocations
  7237 | D:9      | Noticed Erolcha
  7252 | D:9      | Killed Erolcha
  7252 | D:9      | Reached skill level 5 in Invocations
  7252 | D:9      | Reached XP level 10. HP: 41/73 MP: 12/18
  7297 | D:9      | Found a white marble altar of Elyvilon.
  7411 | D:9      | Noticed Grum
  7432 | D:9      | Reached skill level 5 in Fighting
  7432 | D:9      | Reached skill level 5 in Short Blades
  7432 | D:9      | Reached skill level 5 in Long Blades
  7432 | D:9      | Reached skill level 5 in Axes
  7432 | D:9      | Reached skill level 5 in Maces & Flails
  7432 | D:9      | Reached skill level 5 in Polearms
  7432 | D:9      | Reached skill level 5 in Staves
  7432 | D:9      | Reached skill level 5 in Slings
  7432 | D:9      | Reached skill level 5 in Bows
  7432 | D:9      | Reached skill level 5 in Crossbows
  7432 | D:9      | Reached skill level 5 in Armour
  7432 | D:9      | Reached skill level 5 in Dodging
  7432 | D:9      | Reached skill level 5 in Stealth
  7432 | D:9      | Reached skill level 5 in Shields
  7432 | D:9      | Reached skill level 5 in Unarmed Combat
  7437 | D:9      | Killed Grum
  7593 | D:9      | Reached ** piety under Ashenzari
  8129 | D:10     | Entered Level 10 of the Dungeon
  8183 | D:10     | Noticed a two-headed ogre
  8213 | D:11     | Noticed a cyclops
  8213 | D:11     | Noticed a manticore
  8483 | D:10     | Noticed Psyche
  8495 | D:11     | Noticed an unseen horror
  8503 | D:11     | Killed an unseen horror
  8503 | D:11     | Reached skill level 5 in Ice Magic
  8508 | D:11     | Killed Psyche
  8515 | D:11     | Killed a manticore
  8528 | D:11     | Reached XP level 11. HP: 46/81 MP: 12/20
  8577 | D:11     | Noticed a two-headed ogre
  8625 | D:11     | Found a staircase to the Orcish Mines.
  8880 | D:10     | Found the +3 warlock's mirror {reflect}
  8889 | D:10     | Noticed Josephine
  8902 | D:10     | Killed Josephine
  8915 | D:10     | Reached skill level 5 in Conjurations
  8915 | D:10     | Reached skill level 5 in Hexes
  8915 | D:10     | Reached skill level 5 in Charms
  8915 | D:10     | Reached skill level 5 in Summonings
  8915 | D:10     | Reached skill level 5 in Translocations
  8915 | D:10     | Reached skill level 5 in Fire Magic
  8915 | D:10     | Reached skill level 5 in Air Magic
  8915 | D:10     | Reached skill level 5 in Poison Magic
  8948 | D:11     | a two-headed ogre changed into a water nymph
  8967 | D:11     | HP: 2/81 [water nymph/the raging water (6)]
  9016 | D:12     | Noticed a cyclops
  9055 | D:12     | Noticed a manticore
  9105 | D:12     | Identified the cursed +1 robe "Timaxzy" {rF- rC++ Str+3
                  | Int+2}
  9129 | D:13     | Noticed a two-headed ogre
  9137 | D:13     | Noticed a brown ugly thing
  9143 | D:13     | Found a shimmering altar of Xom.
  9145 | D:13     | Noticed a tengu warrior
  9158 | D:13     | Killed a brown ugly thing
  9164 | D:13     | Noticed a centaur warrior
  9164 | D:13     | HP: 4/81 [centaur warrior/arrow (10)]
  9165 | D:13     | Slain by a black bear

Levels and vault maps discovered:
D:1:      beargit_arrival_greenhouse, layout_basic
D:2:      layout_loops_cross, nemelex_xobeh_ov_fountains_minmay,
          kennysheep_okawaru_gauntlet
D:3:      layout_loops_cross, first_ration, gammafunk_ghost_nasty_kobolds,
          small_statue_intersection, chequers_serial_rivers_room_a
D:4:      layout_cave_pools, minmay_temple_entry_sparse_star,
          hangedman_glass_teeth, uniq_natasha
D:5:      layout_loops_ring
D:6:      layout_cave_pods, grunt_decor_resistance,
          chequers_serial_rivers_room_a
D:7:      layout_cave_pools, nicolae_overflow_crystal_walls,
          kennysheep_little_box, serial_shops, shop, serial_glass,
          glass_columns_a, glass_columns_c, glass_columns_a, glass_columns_a,
          glass_columns_b, glass_columns_c, glass_columns_b, glass_columns_b,
          glass_columns_b, glass_columns_a, uniq_menkaure, uniq_joseph
D:8:      layout_loops_ring, overflow_temple_1_default, lair_entry_dummy,
          minmay_misc_feat_pillars, david_nohive_1
D:9:      layout_basic, elyvilon_altar_3, serial_undead, serial_undead_a,
          serial_undead_e, serial_undead_b, serial_undead_c, serial_undead_a,
          serial_undead_d, serial_undead_d, uniq_erolcha, uniq_grum
D:10:     layout_basic, minmay_rotating_lava, uniq_josephine, uniq_psyche
D:11:     layout_rooms, orc_0_dummy, minmay_fractal_squares_gapless_5
D:12:     layout_irregular_city
D:13:     layout_roguey, hangedman_vaults_entry_quadrant_bands, roderic_batcave,
          xom_confusion_cloud
Temple:   nicolae_temple_elliptical

Skill      XL: |  1  2  3  4  5  6  7  8  9 10 11 |
---------------+----------------------------------+-----
Ice Magic      | 2 3 4 5 |  5.5
Invocations    | 1 2 3 4 5 6 |  6.6
Fighting       | 1 2 3 4 5 6 |  6.1
Short Blades   | 1 2 3 4 5 6 |  6.1
Long Blades    | 1 2 3 4 5 6 |  6.1
Axes           | 1 2 3 4 5 6 |  6.1
Maces & Flails | 1 2 3 4 5 6 |  6.1
Polearms       | 1 2 3 4 5 6 |  6.1
Staves         | 1 2 3 4 5 6 |  6.1
Slings         | 1 2 3 4 5 6 |  6.1
Bows           | 1 2 3 4 5 6 |  6.1
Crossbows      | 1 2 3 4 5 6 |  6.1
Armour         | 1 2 3 4 5 6 |  6.1
Dodging        | 1 2 3 4 5 6 |  6.1
Stealth        | 1 2 3 4 5 6 |  6.1
Shields        | 1 2 3 4 5 6 |  6.1
Unarmed Combat | 1 2 3 4 5 6 |  6.1
Spellcasting   | 3 4 5 6 |  6.7
Conjurations   | 1 2 3 4 5 |  5.0
Hexes          | 1 2 3 4 5 |  5.0
Charms         | 1 2 3 4 5 |  5.0
Summonings     | 1 2 3 4 5 |  5.0
Translocations | 1 2 3 4 5 |  5.0
Fire Magic     | 1 2 3 4 5 |  5.0
Air Magic      | 1 2 3 4 5 |  5.0
Poison Magic   | 1 2 3 4 5 |  5.0
Throwing       | 3 4 5 6 |  6.6
Necromancy     | 4 5 6 |  6.4
Transmutations | 4 5 6 |  6.4
Earth Magic    | 4 5 6 |  6.4
Evocations     | 3 4 5 6 |  6.6

Action                   |  1- 3 |  4- 6 |  7- 9 | 10-12 || total
-------------------------+-------+-------+-------+-------++-------
Melee: Mace              |   120 |   122 |   129 |       ||   371
       Bite              |     9 |    17 |    45 |    47 ||   118
       Short sword       |       |       |   276 |   374 ||   650
Throw: Stone             |       |     1 |       |       ||     1
 Cast: Sandblast         |     5 |    36 |     3 |     2 ||    46
Invok: Curse Item        |       |     1 |     3 |       ||     4
Evoke: Wand              |       |     6 |    19 |    24 ||    49
  Use: Scroll            |     2 |     6 |     5 |     9 ||    22
       Potion            |     5 |     2 |     4 |     7 ||    18
 Stab: Sleeping          |       |     1 |     5 |     1 ||     7
       Distracted        |       |       |     1 |       ||     1
       Invisible         |       |       |       |     3 ||     3
  Eat: Chunk             |     3 |     8 |     5 |     4 ||    20
       Ration            |       |       |     1 |     1 ||     2
Armor: Ring mail         |    96 |    45 |    27 |       ||   168
       Skin              |     6 |     5 |       |       ||    11
       Scale mail        |       |       |   155 |   191 ||   346
Dodge: Dodged            |   123 |    65 |   223 |   297 ||   708
Block: Buckler           |       |    11 |   104 |   110 ||   225
